Sewer Rats vs Knights
Created - 20 mars 2015 at 19:07
Goals
|
Sewer Rats |
0 |
1 |
1 |
2 |
Knights |
1 |
3 |
2 |
6 |
|
Shots
|
Sewer Rats |
13 |
4 |
18 |
35 |
Knights |
13 |
23 |
14 |
50 |
|
1st period
1. Knights , Joe Colborne 9 (Michael Raffl, Brayden McNabb) at 17:21
Penalties :
No Penalty
2nd period
2. Knights , Kyle Greentree 28 (Jimmy Hayes, James Wright) at 5:01
3. Sewer Rats , Lars Eller 21 (Jordan Caron, Patrick Bordeleau) at 11:22
4. Knights , Jani Rita 14 (Zbynek Michalek, Zack Hamill) at 13:46
5. Knights , James Wright 30 (Kyle Greentree, Marco Scandella) at 18:06
Penalties :
Steven Reinprecht (Tol) for Hooking (Minor) at 6:49
3rd period
6. Knights , Jimmy Hayes 12 (Marco Scandella) at 3:27
7. Knights , Zbynek Michalek 3 (Jani Rita, Zack Hamill) at 3:40
8. Sewer Rats , Lars Eller 22 (Matt Lashoff) at 9:04
Penalties :
Jimmy Hayes (Lon) for Interference (Minor) at 11:05
Goalie Stats
Semyon Varlamov (Tol), 44 saves from 50 shots - (0,880), L, 27-13-3, 60:00 minutes
Jacob Markstrom (Lon), 33 saves from 35 shots - (0,943), W, 23-26-3, 60:00 minutes
Players Stats for Sewer Rats
Player Name G A P +/- PIM S H SB GA TA FO MP PP MP PK MP
------------------------------------------------------------------------------------
Brandon Sutter 0 0 0 -2 0 1 0 1 0 1 16/24 16:21 1:01 1:01
Derek Dorsett 0 0 0 -2 0 1 2 1 0 0 0/0 15:02 0:34 0:00
John Erskine 0 0 0 -1 0 1 3 3 0 0 0/0 18:02 0:46 0:45
John Lammers 0 0 0 -2 0 2 0 2 1 0 1/1 13:17 0:00 0:53
John-Michael Liles 0 0 0 -4 0 4 2 2 1 0 0/0 25:08 1:13 1:14
Jordan Caron 0 1 1 2 0 1 1 0 0 0 0/0 9:34 0:00 0:00
Kyle Quincey 0 0 0 0 0 0 2 0 0 0 0/0 11:23 0:00 0:00
Kyle Turris 0 0 0 -2 0 1 0 0 0 1 3/6 12:59 0:27 0:39
Lars Eller 2 0 2 2 0 4 1 1 0 0 5/6 9:34 0:00 0:00
Mark Mancari 0 0 0 -2 0 3 3 0 1 1 0/0 21:23 0:58 0:00
Matt Lashoff 0 1 1 -1 0 3 1 0 0 0 0/0 18:02 0:46 0:45
Mattias Ekholm 0 0 0 1 0 0 1 0 0 0 0/0 5:27 0:00 0:00
Mike Funk 0 0 0 1 0 0 0 0 0 0 0/0 5:27 0:00 0:00
Nick Palmieri 0 0 0 -2 0 4 0 0 1 1 1/4 15:20 1:01 0:00
Patrick Bordeleau 0 1 1 2 0 0 1 0 1 0 0/0 9:34 0:00 0:00
Steven Kampfer 0 0 0 0 0 1 1 0 0 0 0/0 11:23 0:00 0:00
Steven Reinprecht 0 0 0 -2 2 4 0 2 0 1 16/32 21:25 0:58 0:00
Tim Ramholt 0 0 0 -4 0 0 1 2 0 2 0/0 25:08 1:13 1:14
Ville Leino 0 0 0 -2 0 4 1 2 0 0 1/1 22:26 0:58 1:03
Vojtech Polak 0 0 0 -2 0 1 0 1 0 0 0/0 11:05 0:00 0:22
Players Stats for Knights
Player Name G A P +/- PIM S H SB GA TA FO MP PP MP PK MP
------------------------------------------------------------------------------------
A.J. Jenks 0 0 0 0 0 1 1 1 0 1 0/0 7:48 0:00 0:00
Aaron Palushaj 0 0 0 0 0 0 1 0 0 0 0/0 7:48 0:00 0:00
Alex Chiasson 0 0 0 2 0 4 1 1 0 0 0/3 19:49 1:04 0:00
Brayden McNabb 0 1 1 2 0 1 0 2 0 0 0/0 14:07 0:40 0:53
Carter Ashton 0 0 0 1 0 1 1 2 0 0 0/0 12:54 0:00 0:00
Eric Gelinas 0 0 0 0 0 1 1 1 0 1 0/0 23:52 1:19 1:06
Garnet Exelby 0 0 0 1 0 1 1 1 0 0 0/0 17:39 0:40 0:00
James Wright 1 1 2 1 0 2 3 0 0 0 9/25 18:29 0:55 1:05
Jani Rita 1 1 2 2 0 6 1 2 1 0 2/2 19:49 1:04 0:00
Jimmy Hayes 1 1 2 1 2 3 2 0 1 0 0/0 17:29 0:55 0:00
Joe Colborne 1 0 1 1 0 2 1 0 0 0 3/5 13:17 0:00 0:17
Kyle Greentree 1 1 2 1 0 7 4 0 1 0 0/0 18:29 0:55 1:05
Marco Scandella 0 2 2 2 0 3 3 0 0 1 0/0 24:26 1:19 1:06
Michael Raffl 0 1 1 1 0 2 1 1 0 0 0/0 13:31 0:00 0:37
Philip Varone 0 0 0 0 0 0 1 0 0 0 1/3 8:05 0:00 0:17
Tomas Kundratek 0 0 0 1 0 0 1 2 0 0 0/0 17:55 0:00 0:53
Zack Hamill 0 2 2 2 0 9 1 1 1 2 16/36 20:32 1:04 0:37
Zbynek Michalek 1 1 2 2 0 7 1 1 3 0 0/0 22:01 0:00 0:00
3 Stars
1 - Lars Eller (Tol)
2 - Kyle Greentree (Lon)
3 - Jani Rita (Lon)
Power Play
Sewer Rats - 0 on 1 Attempt(s) - 0,00%
Knights - 0 on 1 Attempt(s) - 0,00%
Penalty Kill
Sewer Rats - 1 on 1 Attempt(s) - 100,00%
- Score 0 goal in Penalty Kill
Knights - 1 on 1 Attempt(s) - 100,00%
- Score 0 goal in Penalty Kill
Team Stat
Sewer Rats - Hits : 20 - Faceoff Wins : 43 - Blocked Shots : 17 - Penalty Minutes : 2
Knights - Hits : 25 - Faceoff Wins : 31 - Blocked Shots : 15 - Penalty Minutes : 2
Official
Referees : Devorski Paul and Joannette Marc
Linesman : Steve Miller and Derek Amell
Game Notes
Vojtech Polak is injured at 3:44 of 3rd period (Sprained Left Ankle)
Finance
Level 1 -- Attendance: 1617 (80,85%) -- Ticket Income 56 595 $
Level 2 -- Attendance: 730 (73,00%) -- Ticket Income 14 600 $
Total Attendance: 2347 (78,23%)
Total Ticket Income: 71 195 $
Other Income: 3 560 $
Total Income: 74 755 $
Sewer Rats
5 vs 5 Forward
Center Left Wing Right Wing Time % Phy DF OF
1 Steven Reinprecht Ville Leino Mark Mancari 40 1 2 2
2 Brandon Sutter Vojtech Polak Nick Palmieri 30 1 2 2
3 Kyle Turris John Lammers Derek Dorsett 20 1 2 2
4 Lars Eller Patrick Bordeleau Jordan Caron 10 1 2 2
5 vs 5 Defense
Defense Defense Time % Phy DF OF
1 Tim Ramholt John-Michael Liles 40 1 2 2
2 John Erskine Matt Lashoff 30 1 2 2
3 Kyle Quincey Steven Kampfer 20 1 2 2
4 Mike Funk Mattias Ekholm 10 1 2 2
PowerPlay Forward
Center Left Wing Right Wing Time % Phy DF OF
1 Steven Reinprecht Ville Leino Mark Mancari 60 1 2 2
2 Brandon Sutter Vojtech Polak Nick Palmieri 40 1 2 2
PowerPlay Defense
Defense Defense Time % Phy DF OF
1 Tim Ramholt John-Michael Liles 60 1 2 2
2 John Erskine Matt Lashoff 40 1 2 2
Penalty Kill 4 Players Forward
Center Wing Time % Phy DF OF
1 Steven Reinprecht Ville Leino 60 1 2 2
2 Mark Mancari Vojtech Polak 40 1 2 2
Penalty Kill 4 Players Defense
Defense Defense Time % Phy DF OF
1 Tim Ramholt John-Michael Liles 60 1 2 2
2 John Erskine Matt Lashoff 40 1 2 2
Penalty Kill - 3 Players Forward
Forward Time % Phy DF OF
1 Steven Reinprecht 60 1 2 2
2 Ville Leino 40 1 2 2
Penalty Kill - 3 Players Defense
Defense Defense Time % Phy DF OF
1 Tim Ramholt John-Michael Liles 60 1 2 2
2 John Erskine Matt Lashoff 40 1 2 2
4 vs 4 Forward
Center Wing Time % Phy DF OF
1 Steven Reinprecht Ville Leino 60 1 2 2
2 Mark Mancari Vojtech Polak 40 1 2 2
4 vs 4 Defense
Defense Defense Time % Phy DF OF
1 Tim Ramholt John-Michael Liles 60 1 2 2
2 John Erskine Matt Lashoff 40 1 2 2
Last Minutes Offensive
Center Left Wing Right Wing Defense Defense
Steven Reinprecht Ville Leino Mark Mancari Tim Ramholt John-Michael Liles
Last Minutes Defensive
Center Left Wing Right Wing Defense Defense
Steven Reinprecht Ville Leino Mark Mancari Tim Ramholt John-Michael Liles
Goaltenders
Starting : Semyon Varlamov
Backup : Jhonas Enroth
Extra Forwards
Normal : Derek Dorsett, Kyle Turris, John Lammers - PP : Derek Dorsett, Kyle Turris - PK : John Lammers
Extra Defensemen
Normal : Kyle Quincey, Steven Kampfer, Mike Funk - PP : Kyle Quincey - PK : Steven Kampfer, Mike Funk
Penalty Shots
Steven Reinprecht, Ville Leino, Mark Mancari, Vojtech Polak, Brandon Sutter
Knights
5 vs 5 Forward
Center Left Wing Right Wing Time % Phy DF OF
1 Zack Hamill Jani Rita Alex Chiasson 37 1 2 2
2 James Wright Kyle Greentree Jimmy Hayes 33 1 2 2
3 Joe Colborne Michael Raffl Carter Ashton 20 1 2 2
4 Philip Varone A.J. Jenks Aaron Palushaj 10 1 2 2
5 vs 5 Defense
Defense Defense Time % Phy DF OF
1 Marco Scandella Zbynek Michalek 40 1 2 2
2 Garnet Exelby Eric Gelinas 30 1 2 2
3 Tomas Kundratek Brayden McNabb 20 1 2 2
4 Tomas Kundratek Eric Gelinas 10 1 2 2
PowerPlay Forward
Center Left Wing Right Wing Time % Phy DF OF
1 Zack Hamill Jani Rita Alex Chiasson 60 1 1 3
2 James Wright Kyle Greentree Jimmy Hayes 40 1 1 3
PowerPlay Defense
Defense Defense Time % Phy DF OF
1 Marco Scandella Eric Gelinas 60 1 1 3
2 Brayden McNabb Garnet Exelby 40 1 1 3
Penalty Kill 4 Players Forward
Center Wing Time % Phy DF OF
1 James Wright Kyle Greentree 60 1 3 1
2 Joe Colborne Zack Hamill 40 1 3 1
Penalty Kill 4 Players Defense
Defense Defense Time % Phy DF OF
1 Marco Scandella Eric Gelinas 60 1 2 2
2 Brayden McNabb Tomas Kundratek 40 1 3 1
Penalty Kill - 3 Players Forward
Forward Time % Phy DF OF
1 James Wright 60 0 4 1
2 Joe Colborne 40 0 4 1
Penalty Kill - 3 Players Defense
Defense Defense Time % Phy DF OF
1 Zbynek Michalek Eric Gelinas 60 1 4 0
2 Marco Scandella Garnet Exelby 40 1 4 0
4 vs 4 Forward
Center Wing Time % Phy DF OF
1 Zack Hamill Alex Chiasson 60 1 2 2
2 Kyle Greentree James Wright 40 1 2 2
4 vs 4 Defense
Defense Defense Time % Phy DF OF
1 Marco Scandella Eric Gelinas 60 1 2 2
2 Tomas Kundratek Brayden McNabb 40 1 2 2
Last Minutes Offensive
Center Left Wing Right Wing Defense Defense
Zack Hamill Jani Rita Alex Chiasson Eric Gelinas Marco Scandella
Last Minutes Defensive
Center Left Wing Right Wing Defense Defense
James Wright Kyle Greentree Jimmy Hayes Eric Gelinas Marco Scandella
Goaltenders
Starting : Jacob Markstrom
Backup : Dany Sabourin
Extra Forwards
Normal : Kyle Greentree, Zack Hamill, James Wright - PP : James Wright, Zack Hamill - PK : Zack Hamill
Extra Defensemen
Normal : Marco Scandella, Eric Gelinas, Tomas Kundratek - PP : Eric Gelinas - PK : Eric Gelinas, Tomas Kundratek
Penalty Shots
Alex Chiasson, Jani Rita, Zack Hamill, James Wright, Kyle Greentree
% Time on Ice - Sewer Rats
Lines # - Real PCT - Wanted PCT - Time Play
Normal Forward
1 - 37% - 40% - 20:28
2 - 26% - 30% - 14:19
3 - 21% - 20% - 11:41
4 - 17% - 10% - 9:34
Normal Defense
1 - 40% - 40% - 22:41
2 - 29% - 30% - 16:31
3 - 20% - 20% - 11:23
4 - 10% - 10% - 5:27
PP Forward
1 - 49% - 60% - 0:58
2 - 51% - 40% - 1:01
PP Defense
1 - 61% - 60% - 1:13
2 - 39% - 40% - 0:46
PK Forward
1 - 100% - 60% - 1:59
2 - 0% - 40% - 0:00
PK Defense
1 - 62% - 60% - 1:14
2 - 38% - 40% - 0:45
PK3 Forward
1 - 0% - 60%
2 - 0% - 40%
PK3 Defense
1 - 0% - 60%
2 - 0% - 40%
44 Forward
1 - 0% - 60%
2 - 0% - 40%
44 Defense
1 - 0% - 60%
2 - 0% - 40%
Last Minute Offensive - 0:00
Last Minute Defensive - 0:00
Total
Forward - 60:00
Defense - 60:00
|
% Time on Ice - Knights
Lines # - Real PCT - Wanted PCT - Time Play
Normal Forward
1 - 33% - 37% - 18:45
2 - 30% - 33% - 16:35
3 - 23% - 20% - 12:54
4 - 14% - 10% - 7:48
Normal Defense
1 - 39% - 40% - 22:01
2 - 29% - 30% - 16:30
3 - 21% - 20% - 11:37
4 - 11% - 10% - 5:54
PP Forward
1 - 54% - 60% - 1:04
2 - 46% - 40% - 0:55
PP Defense
1 - 66% - 60% - 1:19
2 - 34% - 40% - 0:40
PK Forward
1 - 86% - 60% - 1:42
2 - 14% - 40% - 0:17
PK Defense
1 - 55% - 60% - 1:06
2 - 45% - 40% - 0:53
PK3 Forward
1 - 0% - 60%
2 - 0% - 40%
PK3 Defense
1 - 0% - 60%
2 - 0% - 40%
44 Forward
1 - 0% - 60%
2 - 0% - 40%
44 Defense
1 - 0% - 60%
2 - 0% - 40%
Last Minute Offensive - 0:00
Last Minute Defensive - 0:00
Total
Forward - 60:00
Defense - 60:00
|
Play by Play
1st period
0:01 of 1st period - Zack Hamill wins face-off versus Steven Reinprecht in neutral zone.
0:36 of 1st period - Wrist shot by Nick Palmieri.
0:36 of 1st period - Stopped by Jacob Markstrom without a rebound.
0:37 of 1st period - John Lammers wins face-off versus Joe Colborne in Knights zone.
1:04 of 1st period - Tomas Kundratek is hit by Matt Lashoff and loses puck.
1:29 of 1st period - Ville Leino is hit by Jani Rita and loses puck.
1:52 of 1st period - Slapshot by Nick Palmieri.
1:52 of 1st period - Stopped by Jacob Markstrom without a rebound.
1:53 of 1st period - Kyle Turris wins face-off versus Zack Hamill in Knights zone.
4:05 of 1st period - Icing by A.J. Jenks.
4:06 of 1st period - Lars Eller wins face-off versus Philip Varone in Knights zone.
4:07 of 1st period - Slapshot by Kyle Quincey.
4:07 of 1st period - Shot Misses the Net.
4:13 of 1st period - Mark Mancari is hit by A.J. Jenks and loses puck.
4:22 of 1st period - Snap shot by Philip Varone.
4:22 of 1st period - Shot Misses the Net.
4:24 of 1st period - Slapshot by Marco Scandella.
4:24 of 1st period - Stopped by Semyon Varlamov without a rebound.
4:25 of 1st period - Brandon Sutter wins face-off versus James Wright in Sewer Rats zone.
4:36 of 1st period - Wrist shot by James Wright.
4:36 of 1st period - Stopped by Semyon Varlamov without a rebound.
4:37 of 1st period - Steven Reinprecht wins face-off versus James Wright in Sewer Rats zone.
4:37 of 1st period - Steven Reinprecht is hit by Tomas Kundratek.
5:03 of 1st period - Wrist shot by Jani Rita.
5:03 of 1st period - Stopped by Semyon Varlamov with a rebound.
5:19 of 1st period - Wrist shot by Steven Reinprecht.
5:19 of 1st period - Stopped by Jacob Markstrom without a rebound.
5:20 of 1st period - Brandon Sutter wins face-off versus Joe Colborne in Knights zone.
5:29 of 1st period - Snap shot by Zbynek Michalek.
5:29 of 1st period - Deflect By Michael Raffl.
5:29 of 1st period - Stopped by Semyon Varlamov with a rebound.
5:47 of 1st period - John Erskine is hit by James Wright and loses puck.
6:17 of 1st period - Snap shot by Alex Chiasson.
6:17 of 1st period - Stopped by Semyon Varlamov with a rebound.
6:27 of 1st period - Eric Gelinas is hit by Steven Kampfer and loses puck.
7:14 of 1st period - Wrist shot by Jani Rita.
7:14 of 1st period - Shot Blocked by Tim Ramholt.
7:48 of 1st period - Snap shot by Ville Leino.
7:48 of 1st period - Stopped by Jacob Markstrom without a rebound.
7:49 of 1st period - Brandon Sutter wins face-off versus Zack Hamill in Knights zone.
7:54 of 1st period - Snap shot by Brandon Sutter.
7:54 of 1st period - Shot Blocked by Zbynek Michalek.
9:08 of 1st period - Mike Funk is hit by Philip Varone and loses puck.
9:44 of 1st period - Backhand shot by Kyle Turris.
9:44 of 1st period - Deflect By Kyle Greentree.
9:44 of 1st period - Shot Misses the Net.
9:44 of 1st period - Puck is out of play.
9:45 of 1st period - Kyle Turris wins face-off versus James Wright in Knights zone.
10:10 of 1st period - Michael Raffl is hit by Ville Leino and loses puck.
10:53 of 1st period - Icing by Lars Eller.
10:54 of 1st period - Philip Varone wins face-off versus Lars Eller in Sewer Rats zone.
10:55 of 1st period - Slapshot by Zbynek Michalek.
10:55 of 1st period - Stopped by Semyon Varlamov with a rebound.
10:59 of 1st period - Wrist shot by A.J. Jenks.
10:59 of 1st period - Stopped by Semyon Varlamov without a rebound.
11:00 of 1st period - Ville Leino wins face-off versus James Wright in Sewer Rats zone.
11:06 of 1st period - Off-side.
11:07 of 1st period - James Wright wins face-off versus Steven Reinprecht in neutral zone.
11:10 of 1st period - Wrist shot by Kyle Greentree.
11:10 of 1st period - Shot Blocked by Ville Leino.
11:22 of 1st period - Snap shot by Steven Reinprecht.
11:22 of 1st period - Stopped by Jacob Markstrom without a rebound.
11:23 of 1st period - Brandon Sutter wins face-off versus Zack Hamill in Knights zone.
11:32 of 1st period - Wrist shot by Jani Rita.
11:32 of 1st period - Stopped by Semyon Varlamov with a rebound.
11:34 of 1st period - Wrist shot by Zack Hamill.
11:34 of 1st period - Shot Blocked by Brandon Sutter.
11:48 of 1st period - Tim Ramholt is hit by Jimmy Hayes and loses puck.
12:46 of 1st period - Off-side.
12:47 of 1st period - Brandon Sutter wins face-off versus James Wright in neutral zone.
13:12 of 1st period - Off-side.
13:13 of 1st period - Steven Reinprecht wins face-off versus Zack Hamill in neutral zone.
13:15 of 1st period - Off-side.
13:16 of 1st period - Steven Reinprecht wins face-off versus Zack Hamill in neutral zone.
13:59 of 1st period - Snap shot by Steven Reinprecht.
13:59 of 1st period - Shot Blocked by Brayden McNabb.
14:21 of 1st period - Snap shot by Steven Reinprecht.
14:21 of 1st period - Shot Blocked by Brayden McNabb.
14:23 of 1st period - Slapshot by Matt Lashoff.
14:23 of 1st period - Stopped by Jacob Markstrom with a rebound.
14:25 of 1st period - Backhand shot by Steven Reinprecht.
14:25 of 1st period - Shot Misses the Net.
14:29 of 1st period - Wrist shot by Steven Reinprecht.
14:29 of 1st period - Stopped by Jacob Markstrom without a rebound.
14:30 of 1st period - Zack Hamill wins face-off versus Brandon Sutter in Knights zone.
14:39 of 1st period - Wrist shot by Nick Palmieri.
14:39 of 1st period - Deflect By Jani Rita.
14:39 of 1st period - Stopped by Jacob Markstrom without a rebound.
14:40 of 1st period - Zack Hamill wins face-off versus Brandon Sutter in Knights zone.
14:42 of 1st period - Icing by Alex Chiasson.
14:43 of 1st period - Brandon Sutter wins face-off versus Zack Hamill in Knights zone.
14:46 of 1st period - Backhand shot by Nick Palmieri.
14:46 of 1st period - Shot Misses the Net.
15:34 of 1st period - Lars Eller is hit by Marco Scandella and loses puck.
15:40 of 1st period - Icing by Kyle Quincey.
15:41 of 1st period - Lars Eller wins face-off versus Zack Hamill in Sewer Rats zone.
15:48 of 1st period - Snap shot by Steven Kampfer.
15:48 of 1st period - Stopped by Jacob Markstrom with a rebound.
15:51 of 1st period - Icing by Brayden McNabb.
15:52 of 1st period - Steven Reinprecht wins face-off versus Alex Chiasson in Knights zone.
15:53 of 1st period - Snap shot by Mark Mancari.
15:53 of 1st period - Stopped by Jacob Markstrom with a rebound.
16:03 of 1st period - Slapshot by Alex Chiasson.
16:03 of 1st period - Stopped by Semyon Varlamov without a rebound.
16:04 of 1st period - Brandon Sutter wins face-off versus James Wright in Sewer Rats zone.
16:29 of 1st period - Ville Leino is hit by Marco Scandella and loses puck.
17:05 of 1st period - Slapshot by Garnet Exelby.
17:05 of 1st period - Shot Blocked by Tim Ramholt.
17:17 of 1st period - Slapshot by Michael Raffl.
17:17 of 1st period - Shot Misses the Net.
17:19 of 1st period - Slapshot by Joe Colborne.
17:19 of 1st period - Shot Hit the Post.
17:21 of 1st period - Slapshot by Joe Colborne.
17:21 of 1st period - Goal by Joe Colborne - Sewer Rats : 0 - Knights : 1.
17:22 of 1st period - James Wright wins face-off versus Nick Palmieri in neutral zone.
17:32 of 1st period - Icing by Vojtech Polak.
17:33 of 1st period - James Wright wins face-off versus Brandon Sutter in Sewer Rats zone.
17:40 of 1st period - Snap shot by Kyle Greentree.
17:40 of 1st period - Stopped by Semyon Varlamov with a rebound.
17:42 of 1st period - Slapshot by Marco Scandella.
17:42 of 1st period - Stopped by Semyon Varlamov with a rebound.
17:44 of 1st period - Snap shot by Kyle Greentree.
17:44 of 1st period - Stopped by Semyon Varlamov without a rebound.
17:45 of 1st period - Brandon Sutter wins face-off versus James Wright in Sewer Rats zone.
17:45 of 1st period - Brandon Sutter is hit by Kyle Greentree.
18:17 of 1st period - Snap shot by Ville Leino.
18:17 of 1st period - Shot Misses the Net.
18:19 of 1st period - Snap shot by Matt Lashoff.
18:19 of 1st period - Stopped by Jacob Markstrom with a rebound.
19:20 of 1st period - Snap shot by Vojtech Polak.
19:20 of 1st period - Stopped by Jacob Markstrom with a rebound.
19:22 of 1st period - Snap shot by Nick Palmieri.
19:22 of 1st period - Stopped by Jacob Markstrom with a rebound.
Goals for this period are 0 for Sewer Rats vs 1 for Knights.
Shots for this period are 13 for Sewer Rats vs 13 for Knights.
2nd period
0:01 of 2nd period - Zack Hamill wins face-off versus Steven Reinprecht in neutral zone.
0:14 of 2nd period - Snap shot by Alex Chiasson.
0:14 of 2nd period - Shot Misses the Net.
0:16 of 2nd period - Snap shot by Zack Hamill.
0:16 of 2nd period - Shot Blocked by Steven Reinprecht.
0:26 of 2nd period - John Erskine is hit by Kyle Greentree and loses puck.
1:14 of 2nd period - A.J. Jenks is hit by Mattias Ekholm and loses puck.
1:43 of 2nd period - Icing by Zbynek Michalek.
1:44 of 2nd period - James Wright wins face-off versus Steven Reinprecht in Knights zone.
2:52 of 2nd period - A.J. Jenks is hit by Jordan Caron and loses puck.
3:05 of 2nd period - Snap shot by Jordan Caron.
3:05 of 2nd period - Stopped by Jacob Markstrom with a rebound.
3:45 of 2nd period - Backhand shot by Kyle Greentree.
3:45 of 2nd period - Stopped by Semyon Varlamov with a rebound.
3:47 of 2nd period - Slapshot by Brayden McNabb.
3:47 of 2nd period - Stopped by Semyon Varlamov with a rebound.
4:11 of 2nd period - Snap shot by Kyle Greentree.
4:11 of 2nd period - Shot Blocked by Lars Eller.
4:13 of 2nd period - Snap shot by Jimmy Hayes.
4:13 of 2nd period - Stopped by Semyon Varlamov with a rebound.
4:15 of 2nd period - Slapshot by Tomas Kundratek.
4:15 of 2nd period - Deflect By Jimmy Hayes.
4:15 of 2nd period - Stopped by Semyon Varlamov without a rebound.
4:16 of 2nd period - Zack Hamill wins face-off versus Steven Reinprecht in Sewer Rats zone.
4:17 of 2nd period - Slapshot by Jani Rita.
4:17 of 2nd period - Stopped by Semyon Varlamov without a rebound.
4:18 of 2nd period - Steven Reinprecht wins face-off versus Zack Hamill in Sewer Rats zone.
4:25 of 2nd period - Slapshot by Ville Leino.
4:25 of 2nd period - Stopped by Jacob Markstrom without a rebound.
4:26 of 2nd period - Zack Hamill wins face-off versus Steven Reinprecht in Knights zone.
4:35 of 2nd period - Slapshot by Zbynek Michalek.
4:35 of 2nd period - Deflect By Steven Reinprecht.
4:35 of 2nd period - Stopped by Semyon Varlamov with a rebound.
4:55 of 2nd period - Snap shot by Zack Hamill.
4:55 of 2nd period - Stopped by Semyon Varlamov without a rebound.
4:56 of 2nd period - James Wright wins face-off versus Brandon Sutter in Sewer Rats zone.
5:01 of 2nd period - Wrist shot by Kyle Greentree.
5:01 of 2nd period - Goal by Kyle Greentree - Sewer Rats : 0 - Knights : 2.
5:02 of 2nd period - Steven Reinprecht wins face-off versus Zack Hamill in neutral zone.
5:29 of 2nd period - John-Michael Liles is hit by Eric Gelinas and loses puck.
6:08 of 2nd period - John Erskine is hit by Aaron Palushaj and loses puck.
6:41 of 2nd period - Slapshot by John Lammers.
6:41 of 2nd period - Stopped by Jacob Markstrom without a rebound.
6:42 of 2nd period - James Wright wins face-off versus Steven Reinprecht in Knights zone.
6:47 of 2nd period - Snap shot by Kyle Greentree.
6:47 of 2nd period - Shot Blocked by Steven Reinprecht.
6:49 of 2nd period - Minor Penalty to Steven Reinprecht for Hooking.
6:50 of 2nd period - Zack Hamill wins face-off versus Brandon Sutter in Sewer Rats zone.
6:55 of 2nd period - Slapshot by Jani Rita.
6:55 of 2nd period - Stopped by Semyon Varlamov without a rebound.
6:56 of 2nd period - Jani Rita wins face-off versus Brandon Sutter in Sewer Rats zone.
6:57 of 2nd period - Snap shot by Zack Hamill.
6:57 of 2nd period - Stopped by Semyon Varlamov with a rebound.
8:49 of 2nd period - Penalty to Steven Reinprecht is over, Steven Reinprecht is back on ice.
9:51 of 2nd period - Kyle Quincey is hit by Marco Scandella and loses puck.
10:47 of 2nd period - Slapshot by Zbynek Michalek.
10:47 of 2nd period - Shot Misses the Net.
10:49 of 2nd period - Slapshot by Zbynek Michalek.
10:49 of 2nd period - Shot Blocked by John-Michael Liles.
10:51 of 2nd period - Snap shot by Zbynek Michalek.
10:51 of 2nd period - Shot Blocked by John Lammers.
11:14 of 2nd period - Icing by Tomas Kundratek.
11:15 of 2nd period - Lars Eller wins face-off versus James Wright in Knights zone.
11:22 of 2nd period - Wrist shot by Lars Eller.
11:22 of 2nd period - Goal by Lars Eller - Sewer Rats : 1 - Knights : 2.
11:23 of 2nd period - Zack Hamill wins face-off versus Steven Reinprecht in neutral zone.
11:28 of 2nd period - Wrist shot by Garnet Exelby.
11:28 of 2nd period - Stopped by Semyon Varlamov without a rebound.
11:29 of 2nd period - Steven Reinprecht wins face-off versus Zack Hamill in Sewer Rats zone.
11:38 of 2nd period - Jani Rita is hit by Mark Mancari and loses puck.
12:21 of 2nd period - John Erskine is hit by Joe Colborne and loses puck.
12:32 of 2nd period - Derek Dorsett is hit by Michael Raffl and loses puck.
12:42 of 2nd period - Joe Colborne is hit by John Erskine and loses puck.
12:55 of 2nd period - Slapshot by Garnet Exelby.
12:55 of 2nd period - Shot Misses the Net.
13:36 of 2nd period - Snap shot by Kyle Turris.
13:36 of 2nd period - Shot Misses the Net.
13:38 of 2nd period - Wrist shot by John Lammers.
13:38 of 2nd period - Deflect By Derek Dorsett.
13:38 of 2nd period - Shot Blocked by Carter Ashton.
13:38 of 2nd period - Puck is out of play.
13:39 of 2nd period - Zack Hamill wins face-off versus Steven Reinprecht in Knights zone.
13:46 of 2nd period - Snap shot by Jani Rita.
13:46 of 2nd period - Goal by Jani Rita - Sewer Rats : 1 - Knights : 3.
13:47 of 2nd period - Steven Reinprecht wins face-off versus Alex Chiasson in neutral zone.
13:55 of 2nd period - Off-side.
13:56 of 2nd period - Steven Reinprecht wins face-off versus Alex Chiasson in neutral zone.
14:03 of 2nd period - Wrist shot by Ville Leino.
14:03 of 2nd period - Shot Misses the Net.
14:09 of 2nd period - Mark Mancari is hit by Zack Hamill and loses puck.
14:16 of 2nd period - Snap shot by Zack Hamill.
14:16 of 2nd period - Stopped by Semyon Varlamov with a rebound.
14:18 of 2nd period - Snap shot by Zack Hamill.
14:18 of 2nd period - Shot Blocked by John-Michael Liles.
14:20 of 2nd period - Wrist shot by Zack Hamill.
14:20 of 2nd period - Stopped by Semyon Varlamov without a rebound.
14:21 of 2nd period - Brandon Sutter wins face-off versus James Wright in Sewer Rats zone.
14:46 of 2nd period - Joe Colborne is hit by Kyle Quincey.
15:28 of 2nd period - Zack Hamill is hit by John-Michael Liles.
15:48 of 2nd period - Slapshot by Marco Scandella.
15:48 of 2nd period - Stopped by Semyon Varlamov without a rebound.
15:49 of 2nd period - Brandon Sutter wins face-off versus James Wright in Sewer Rats zone.
16:03 of 2nd period - Wrist shot by Kyle Greentree.
16:03 of 2nd period - Stopped by Semyon Varlamov with a rebound.
16:05 of 2nd period - Slapshot by Garnet Exelby.
16:05 of 2nd period - Shot Blocked by John Erskine.
16:57 of 2nd period - Snap shot by Aaron Palushaj.
16:57 of 2nd period - Shot Misses the Net.
17:51 of 2nd period - John Lammers is hit by James Wright and loses puck.
18:02 of 2nd period - Slapshot by Kyle Greentree.
18:02 of 2nd period - Stopped by Semyon Varlamov with a rebound.
18:04 of 2nd period - Wrist shot by James Wright.
18:04 of 2nd period - Shot Blocked by John Lammers.
18:06 of 2nd period - Wrist shot by James Wright.
18:06 of 2nd period - Goal by James Wright - Sewer Rats : 1 - Knights : 4.
18:07 of 2nd period - Zack Hamill wins face-off versus Steven Reinprecht in neutral zone.
18:14 of 2nd period - Wrist shot by Zack Hamill.
18:14 of 2nd period - Stopped by Semyon Varlamov with a rebound.
18:16 of 2nd period - Snap shot by Alex Chiasson.
18:16 of 2nd period - Stopped by Semyon Varlamov without a rebound.
18:17 of 2nd period - Zack Hamill wins face-off versus Steven Reinprecht in Sewer Rats zone.
18:48 of 2nd period - Slapshot by Zack Hamill.
18:48 of 2nd period - Stopped by Semyon Varlamov with a rebound.
18:50 of 2nd period - Snap shot by Alex Chiasson.
18:50 of 2nd period - Stopped by Semyon Varlamov without a rebound.
18:51 of 2nd period - James Wright wins face-off versus Nick Palmieri in Sewer Rats zone.
18:55 of 2nd period - Icing by John Erskine.
18:56 of 2nd period - Brandon Sutter wins face-off versus James Wright in Sewer Rats zone.
19:27 of 2nd period - Snap shot by Jani Rita.
19:27 of 2nd period - Shot Misses the Net.
19:29 of 2nd period - Slapshot by Eric Gelinas.
19:29 of 2nd period - Stopped by Semyon Varlamov without a rebound.
19:30 of 2nd period - James Wright wins face-off versus Steven Reinprecht in Sewer Rats zone.
Goals for this period are 1 for Sewer Rats vs 3 for Knights.
Shots for this period are 4 for Sewer Rats vs 23 for Knights.
3rd period
0:01 of 3rd period - Brandon Sutter wins face-off versus Zack Hamill in neutral zone.
0:26 of 3rd period - Zbynek Michalek is hit by Mark Mancari and loses puck.
0:55 of 3rd period - Wrist shot by Joe Colborne.
0:55 of 3rd period - Stopped by Semyon Varlamov with a rebound.
1:07 of 3rd period - Wrist shot by Kyle Turris.
1:07 of 3rd period - Stopped by Jacob Markstrom without a rebound.
1:08 of 3rd period - Lars Eller wins face-off versus Philip Varone in Knights zone.
1:09 of 3rd period - Slapshot by Jordan Caron.
1:09 of 3rd period - Shot Misses the Net.
1:23 of 3rd period - Slapshot by Zbynek Michalek.
1:23 of 3rd period - Stopped by Semyon Varlamov with a rebound.
1:25 of 3rd period - Slapshot by Marco Scandella.
1:25 of 3rd period - Shot Misses the Net.
1:27 of 3rd period - Snap shot by Marco Scandella.
1:27 of 3rd period - Shot Blocked by John Erskine.
1:29 of 3rd period - Slapshot by Zbynek Michalek.
1:29 of 3rd period - Stopped by Semyon Varlamov with a rebound.
1:31 of 3rd period - Snap shot by Marco Scandella.
1:31 of 3rd period - Shot Misses the Net.
1:47 of 3rd period - Snap shot by Lars Eller.
1:47 of 3rd period - Shot Misses the Net.
1:49 of 3rd period - Slapshot by Patrick Bordeleau.
1:49 of 3rd period - Shot Blocked by A.J. Jenks.
1:51 of 3rd period - Wrist shot by Lars Eller.
1:51 of 3rd period - Stopped by Jacob Markstrom without a rebound.
1:52 of 3rd period - Zack Hamill wins face-off versus Steven Reinprecht in Knights zone.
1:52 of 3rd period - Zack Hamill is hit by Mark Mancari.
2:18 of 3rd period - Kyle Quincey is hit by Kyle Greentree and loses puck.
2:27 of 3rd period - Wrist shot by Kyle Greentree.
2:27 of 3rd period - Stopped by Semyon Varlamov with a rebound.
2:43 of 3rd period - Michael Raffl is hit by Derek Dorsett and loses puck.
3:05 of 3rd period - Off-side.
3:06 of 3rd period - Jani Rita wins face-off versus Steven Reinprecht in neutral zone.
3:19 of 3rd period - Slapshot by Zack Hamill.
3:19 of 3rd period - Stopped by Semyon Varlamov with a rebound.
3:21 of 3rd period - Wrist shot by Zack Hamill.
3:21 of 3rd period - Stopped by Semyon Varlamov without a rebound.
3:22 of 3rd period - James Wright wins face-off versus Brandon Sutter in Sewer Rats zone.
3:27 of 3rd period - Slapshot by Jimmy Hayes.
3:27 of 3rd period - Goal by Jimmy Hayes - Sewer Rats : 1 - Knights : 5.
3:28 of 3rd period - Steven Reinprecht wins face-off versus Zack Hamill in neutral zone.
3:40 of 3rd period - Slapshot by Zbynek Michalek.
3:40 of 3rd period - Goal by Zbynek Michalek - Sewer Rats : 1 - Knights : 6.
3:41 of 3rd period - Zack Hamill wins face-off versus Brandon Sutter in neutral zone.
3:44 of 3rd period - Wrist shot by Marco Scandella.
3:44 of 3rd period - Shot Blocked by Vojtech Polak.
3:44 of 3rd period - Vojtech Polak from Sewer Rats is injured at 3:44 of 3rd period (Sprained Left Ankle).
3:45 of 3rd period - Steven Reinprecht wins face-off versus Zack Hamill in Sewer Rats zone.
3:50 of 3rd period - Snap shot by Steven Reinprecht.
3:50 of 3rd period - Shot Blocked by Zack Hamill.
3:52 of 3rd period - Snap shot by John-Michael Liles.
3:52 of 3rd period - Shot Hit the Post.
3:54 of 3rd period - Snap shot by John-Michael Liles.
3:54 of 3rd period - Shot Blocked by Alex Chiasson.
3:56 of 3rd period - Slapshot by John-Michael Liles.
3:56 of 3rd period - Deflect By Zack Hamill.
3:56 of 3rd period - Stopped by Jacob Markstrom with a rebound.
3:58 of 3rd period - Snap shot by John-Michael Liles.
3:58 of 3rd period - Shot Misses the Net.
4:00 of 3rd period - Slapshot by John-Michael Liles.
4:00 of 3rd period - Deflect By Mark Mancari.
4:00 of 3rd period - Stopped by Jacob Markstrom with a rebound.
4:28 of 3rd period - Icing by John-Michael Liles.
4:29 of 3rd period - Joe Colborne wins face-off versus Nick Palmieri in Sewer Rats zone.
4:30 of 3rd period - Snap shot by Zbynek Michalek.
4:30 of 3rd period - Stopped by Semyon Varlamov with a rebound.
4:32 of 3rd period - Slapshot by Zack Hamill.
4:32 of 3rd period - Stopped by Semyon Varlamov without a rebound.
4:33 of 3rd period - Steven Reinprecht wins face-off versus Zack Hamill in Sewer Rats zone.
4:46 of 3rd period - Snap shot by Ville Leino.
4:46 of 3rd period - Stopped by Jacob Markstrom without a rebound.
4:47 of 3rd period - Brandon Sutter wins face-off versus James Wright in Knights zone.
5:14 of 3rd period - Marco Scandella is hit by Lars Eller and loses puck.
5:18 of 3rd period - Icing by Marco Scandella.
5:19 of 3rd period - Lars Eller wins face-off versus Zack Hamill in Knights zone.
6:12 of 3rd period - Slapshot by John-Michael Liles.
6:12 of 3rd period - Stopped by Jacob Markstrom with a rebound.
6:20 of 3rd period - Wrist shot by Joe Colborne.
6:20 of 3rd period - Shot Blocked by Derek Dorsett.
6:22 of 3rd period - Snap shot by Zbynek Michalek.
6:22 of 3rd period - Stopped by Semyon Varlamov with a rebound.
6:58 of 3rd period - Wrist shot by Zack Hamill.
6:58 of 3rd period - Shot Misses the Net.
7:00 of 3rd period - Slapshot by Zbynek Michalek.
7:00 of 3rd period - Deflect By Jani Rita.
7:00 of 3rd period - Stopped by Semyon Varlamov with a rebound.
7:29 of 3rd period - Kyle Quincey is hit by Carter Ashton and loses puck.
8:09 of 3rd period - Snap shot by Brandon Sutter.
8:09 of 3rd period - Shot Misses the Net.
8:57 of 3rd period - Jimmy Hayes is hit by Patrick Bordeleau and loses puck.
9:02 of 3rd period - Snap shot by Lars Eller.
9:02 of 3rd period - Stopped by Jacob Markstrom with a rebound.
9:04 of 3rd period - Wrist shot by Lars Eller.
9:04 of 3rd period - Deflect By Marco Scandella.
9:04 of 3rd period - Goal by Lars Eller - Sewer Rats : 2 - Knights : 6.
9:05 of 3rd period - Steven Reinprecht wins face-off versus Zack Hamill in neutral zone.
9:10 of 3rd period - Wrist shot by Matt Lashoff.
9:10 of 3rd period - Deflect By Mark Mancari.
9:10 of 3rd period - Shot Blocked by Jani Rita.
9:10 of 3rd period - Puck is out of play.
9:11 of 3rd period - Zack Hamill wins face-off versus Steven Reinprecht in Knights zone.
9:11 of 3rd period - Alex Chiasson is hit by John Erskine and loses puck.
9:22 of 3rd period - Snap shot by Ville Leino.
9:22 of 3rd period - Shot Blocked by Jani Rita.
9:24 of 3rd period - Slapshot by Matt Lashoff.
9:24 of 3rd period - Stopped by Jacob Markstrom with a rebound.
9:48 of 3rd period - Marco Scandella is hit by Derek Dorsett and loses puck.
10:01 of 3rd period - Snap shot by Lars Eller.
10:01 of 3rd period - Shot Blocked by Michael Raffl.
10:19 of 3rd period - Philip Varone is hit by Tim Ramholt and loses puck.
10:24 of 3rd period - Snap shot by Ville Leino.
10:24 of 3rd period - Deflect By Mark Mancari.
10:24 of 3rd period - Stopped by Jacob Markstrom with a rebound.
10:26 of 3rd period - Wrist shot by Kyle Quincey.
10:26 of 3rd period - Deflect By Ville Leino.
10:26 of 3rd period - Shot Blocked by Eric Gelinas.
10:26 of 3rd period - Puck is out of play.
10:27 of 3rd period - Zack Hamill wins face-off versus Steven Reinprecht in Knights zone.
10:27 of 3rd period - Zack Hamill is hit by Kyle Quincey.
10:40 of 3rd period - Mark Mancari is hit by Garnet Exelby and loses puck.
10:57 of 3rd period - Backhand shot by Steven Kampfer.
10:57 of 3rd period - Shot Misses the Net.
10:59 of 3rd period - Slapshot by Steven Kampfer.
10:59 of 3rd period - Shot Misses the Net.
11:01 of 3rd period - Slapshot by Steven Kampfer.
11:01 of 3rd period - Deflect By Derek Dorsett.
11:01 of 3rd period - Shot Blocked by Garnet Exelby.
11:01 of 3rd period - Puck is out of play.
11:02 of 3rd period - Brandon Sutter wins face-off versus James Wright in Knights zone.
11:03 of 3rd period - Slapshot by Nick Palmieri.
11:03 of 3rd period - Shot Misses the Net.
11:05 of 3rd period - Minor Penalty to Jimmy Hayes for Interference.
11:06 of 3rd period - Steven Reinprecht wins face-off versus James Wright in Knights zone.
11:42 of 3rd period - James Wright is hit by John-Michael Liles and loses puck.
13:05 of 3rd period - Penalty to Jimmy Hayes is over, Jimmy Hayes is back on ice.
13:21 of 3rd period - John-Michael Liles is hit by Zbynek Michalek and loses puck.
13:38 of 3rd period - Wrist shot by Derek Dorsett.
13:38 of 3rd period - Stopped by Jacob Markstrom with a rebound.
13:40 of 3rd period - Wrist shot by Derek Dorsett.
13:40 of 3rd period - Shot Misses the Net.
15:09 of 3rd period - Slapshot by Eric Gelinas.
15:09 of 3rd period - Shot Blocked by Ville Leino.
16:02 of 3rd period - Tim Ramholt is hit by Kyle Greentree and loses puck.
16:10 of 3rd period - Icing by John-Michael Liles.
16:11 of 3rd period - Joe Colborne wins face-off versus Kyle Turris in Sewer Rats zone.
16:16 of 3rd period - Snap shot by Michael Raffl.
16:16 of 3rd period - Stopped by Semyon Varlamov without a rebound.
16:17 of 3rd period - Joe Colborne wins face-off versus Kyle Turris in Sewer Rats zone.
16:20 of 3rd period - Snap shot by Joe Colborne.
16:20 of 3rd period - Shot Misses the Net.
16:24 of 3rd period - Snap shot by Joe Colborne.
16:24 of 3rd period - Shot Misses the Net.
16:26 of 3rd period - Wrist shot by Carter Ashton.
16:26 of 3rd period - Stopped by Semyon Varlamov with a rebound.
16:28 of 3rd period - Backhand shot by Tomas Kundratek.
16:28 of 3rd period - Deflect By Michael Raffl.
16:28 of 3rd period - Shot Blocked by John Erskine.
16:28 of 3rd period - Puck is out of play.
16:29 of 3rd period - Steven Reinprecht wins face-off versus Zack Hamill in Sewer Rats zone.
17:08 of 3rd period - Icing by Ville Leino.
17:09 of 3rd period - Steven Reinprecht wins face-off versus James Wright in Sewer Rats zone.
17:09 of 3rd period - Steven Reinprecht is hit by Jimmy Hayes.
17:15 of 3rd period - Slapshot by John-Michael Liles.
17:15 of 3rd period - Shot Blocked by Tomas Kundratek.
17:35 of 3rd period - Slapshot by Steven Reinprecht.
17:35 of 3rd period - Shot Misses the Net.
17:37 of 3rd period - Slapshot by John-Michael Liles.
17:37 of 3rd period - Stopped by Jacob Markstrom with a rebound.
17:46 of 3rd period - Snap shot by Steven Reinprecht.
17:46 of 3rd period - Shot Blocked by Carter Ashton.
17:48 of 3rd period - Slapshot by Tim Ramholt.
17:48 of 3rd period - Shot Blocked by Tomas Kundratek.
17:50 of 3rd period - Wrist shot by John-Michael Liles.
17:50 of 3rd period - Stopped by Jacob Markstrom with a rebound.
18:36 of 3rd period - Snap shot by Ville Leino.
18:36 of 3rd period - Stopped by Jacob Markstrom with a rebound.
18:38 of 3rd period - Slapshot by Steven Reinprecht.
18:38 of 3rd period - Stopped by Jacob Markstrom without a rebound.
18:39 of 3rd period - Nick Palmieri wins face-off versus Zack Hamill in Knights zone.
18:40 of 3rd period - Wrist shot by Brandon Sutter.
18:40 of 3rd period - Shot Misses the Net.
18:42 of 3rd period - Snap shot by Nick Palmieri.
18:42 of 3rd period - Shot Misses the Net.
18:44 of 3rd period - Slapshot by John Erskine.
18:44 of 3rd period - Deflect By Jani Rita.
18:44 of 3rd period - Stopped by Jacob Markstrom with a rebound.
19:04 of 3rd period - James Wright is hit by John Erskine.
19:10 of 3rd period - Jordan Caron is hit by James Wright.
19:13 of 3rd period - Off-side.
19:14 of 3rd period - Kyle Turris wins face-off versus Zack Hamill in neutral zone.
19:17 of 3rd period - Wrist shot by Kyle Turris.
19:17 of 3rd period - Deflect By John Lammers.
19:17 of 3rd period - Shot Misses the Net.
19:17 of 3rd period - Puck is out of play.
19:18 of 3rd period - Zack Hamill wins face-off versus Kyle Turris in Knights zone.
19:33 of 3rd period - Kyle Turris is hit by Alex Chiasson and loses puck.
19:45 of 3rd period - Slapshot by Nick Palmieri.
19:45 of 3rd period - Deflect By John Lammers.
19:45 of 3rd period - Stopped by Jacob Markstrom without a rebound.
19:46 of 3rd period - Brandon Sutter wins face-off versus James Wright in Knights zone.
19:53 of 3rd period - Snap shot by Brandon Sutter.
19:53 of 3rd period - Stopped by Jacob Markstrom without a rebound.
19:54 of 3rd period - Brandon Sutter wins face-off versus Zack Hamill in Knights zone.
Goals for this period are 1 for Sewer Rats vs 2 for Knights.
Shots for this period are 18 for Sewer Rats vs 14 for Knights.
Output by the SimonT Hockey Simulator (STHS) for François Prévost -- Original Page W3C XHTML 1.0 Valid